 Dungeon Crawl Stone Soup version 0.22-a0-785-g6253c82ace (webtiles) character file.

1563 Banto the Covert (level 8, -7/45 (46) HPs)
             Began as an Octopode Earth Elementalist on July 20, 2018.
             Mangled by a wyvern zombie (13 damage)
             ... on level 6 of the Dungeon.
             The game lasted 00:10:08 (6026 turns).

Banto the Covert (Octopode Earth Elementalist)      Turns: 6026, Time: 00:10:09

HP:   -7/45 (46)    AC:  1    Str:  8    XL:     8   Next: 89%
MP:   28/30         EV: 13    Int: 19    God:
Gold: 206           SH:  0    Dex: 12    Spells: 3/13 levels left

rFire    . . .     SeeInvis .   D - +10 quarterstaff of Teos Ola {freeze, MR+}
rCold    . . .     Gourm    .   (shield currently unavailable)
rNeg     . . .     Faith    .   (helmet restricted)
rPois    .         Spirit   .   (no amulet)
rElec    .         Reflect  .   l - ring of magical power
rCorr    .         Harm     .   (no ring)
MR       ++...                  t - ring of protection from magic
Stlth    +++++.....             p - ring of magical power
HPRegen  0.15/turn              (no ring)
MPRegen  0.22/turn              (no ring)
                                (no ring)
                                (no ring)

@: no status effects
A: almost no armour, stealthy swim, amphibious, 8 rings, constrict 8, camouflage
1, gelatinous body 1
a: no special abilities


You were on level 6 of the Dungeon.
You were hungry.

You visited 1 branch of the dungeon, and saw 6 of its levels.

You collected 272 gold pieces.
You spent 66 gold pieces at shops.

Inventory:

Hand Weapons
 g - a +0 dagger
 m - a +3 whip of electrocution
 w - the +4 mace "Qetaedom" {pain, *Slow rF+ Str+4 Int+6}
   (You found it on level 4 of the Dungeon)

   In the hands of one skilled in necromantic magic, it inflicts extra damage on
   living creatures.
   It affects your strength (+4).
   It affects your intelligence (+6).
   It protects you from fire.
   It may slow you when you take damage.
 D - the +10 quarterstaff of Teos Ola (weapon) {freeze, MR+}
   (You took it off an orc on level 6 of the Dungeon)

   It has been specially enchanted to freeze those struck by it, causing extra
   injury to most foes and up to half again as much damage against particularly
   susceptible opponents.
   It can also slow down cold-blooded creatures.
   It affects your resistance to hostile enchantments.
Missiles
 b - 102 stones (quivered)
 E - 2 throwing nets
Armour
 r - a +1 shield
Jewellery
 f - an uncursed ring of ice
 l - a ring of magical power (left tentacle)
 p - a ring of magical power (on tentacle)
 t - a ring of protection from magic (on tentacle)
 y - an uncursed ring of wizardry {unknown}
Wands
 C - a wand of polymorph (18)
Scrolls
 j - a scroll of fog
 k - 2 scrolls of teleportation
 n - a scroll of amnesia
 o - 3 scrolls of enchant weapon
 u - 6 scrolls of remove curse
 A - a scroll of fear {unknown}
 B - a scroll of random uselessness {unknown}
Potions
 a - 3 potions of heal wounds
 d - a potion of brilliance
 e - 2 potions of degeneration {unknown}
 h - 5 potions of curing
 i - a potion of resistance {unknown}
 q - a potion of flight
 s - a potion of berserk rage {unknown}
 v - 2 potions of agility {unknown}
 x - a potion of might
 z - a potion of haste {unknown}
Comestibles
 c - 9 rations


   Skills:
 + Level 4.7 Short Blades
 - Level 2.0 Dodging
 + Level 8.2 Stealth
 - Level 3.0 Spellcasting
 + Level 5.0 Transmutations
 + Level 6.3 Earth Magic


You had 3 spell levels left.
You knew the following spells:

 Your Spells              Type           Power        Failure   Level  Hunger
a - Sandblast             Erth           ####..       1%          1    None
b - Passwall              Tmut/Erth      ###.....     2%          2    ##.....
c - Stone Arrow           Conj/Erth      ##....       13%         3    ###....
d - Petrify               Tmut/Erth      ###.....     14%         4    ####...

Your spell library contained the following spells:

 Spells                   Type           Power        Failure   Level  Hunger
 Confuse                  Hex            #.......     41%         3    ###....
 Confusing Touch          Hex            #.....       16%         1    None
 Metabolic Englaciation   Hex/Ice        #.........   99%         5    ######.
 Lee's Rapid Deconstruct  Erth           ####......   32%         5    ######.
 Gell's Gravitas          Tloc           #.........   41%         3    ###....
 Yara's Violent Unravell  Hex/Tmut       ##........   83%         5    ######.


Dungeon Overview and Level Annotations

Branches:
Dungeon (6/15)
 Temple: D:4-7

Altars:
Fedhas
Kikubaaqudgha
Makhleb
Okawaru
Uskayaw
Wu Jian

Shops:
D:4 *


Innate Abilities, Weirdness & Mutations

You cannot wear most types of armour.
You are very stealthy in the water. (Stealth+)
You are amphibious.
You can wear up to eight rings at the same time.
You can use your tentacles to constrict eight enemies at once.
Your skin changes colour to match your surroundings (Stealth+).
Your rubbery body absorbs attacks. (AC +1, EV +1)


Message History

Confirm with . or Enter, or press ? or * to list all spells.
Aiming: Sandblast (safe; 1% risk of failure)
Press: ? - help, Shift-Dir - straight line, f - wyvern zombie
Aim: a wyvern zombie (heavily damaged)
The blast of sand hits the wyvern zombie.
The wyvern zombie is severely damaged.
b - 103 stones The wyvern zombie bites you!
* * * LOW HITPOINT WARNING * * *
You take 10 damage, and have 5/45 hp.
MASSIVE DAMAGE!!
You now have 29/30 mp.
Casting: Sandblast (safe; 1% risk of failure)
Confirm with . or Enter, or press ? or * to list all spells.
Aiming: Sandblast (safe; 1% risk of failure)
Press: ? - help, Shift-Dir - straight line, f/p - wyvern zombie
Aim: a wyvern zombie (severely damaged)
The blast of sand hits the wyvern zombie.
The wyvern zombie is almost destroyed.
b - 102 stones The wyvern zombie bites you!
You die...

#.....# #........
###.### ##.......
#.####### #.###.##
#..[....# #.# #.#
##.##...###.# #.#
#.##....#### #.# #
#.###....## ##.##
#.##.#####...###....
#.Z@..# ###..##..##
##.#..# #####..####
#$######..#..## #.
##.....## #$
#∩_..### .. ##..##
#. #### ##


You could see a wyvern zombie.

Vanquished Creatures
  Menkaure (D:5)
  A sky beast (D:5)
  A necrophage (D:6)
  2 phantoms
  2 ogres (D:4)
  3 bullfrogs (D:6)
  2 crimson imps
  A jelly (D:6)
  4 orc priests
  4 orc wizards
  3 worker ants
  2 hound skeletons (D:6)
  3 gnolls (D:6)
  10 adders
  A shadow imp (D:5)
  3 worms (D:4)
  3 dart slugs
  6 leopard geckos
  25 orcs
  4 giant cockroaches
  15 goblins
  8 hobgoblins
  10 jackals
  4 quokkas
  3 ball pythons
  12 bats
  9 frilled lizards
  11 kobolds
  A leopard gecko skeleton (D:6)
  A quokka skeleton (D:4)
  10 rats
165 creatures vanquished.

Notes
Turn   | Place    | Note
-------+----------+-------------------------------------------
     0 | D:1      | Banto the Octopode Earth Elementalist began the quest for the Orb.
     0 | D:1      | Reached XP level 1. HP: 11/11 MP: 3/3
    40 | D:1      | Reached skill level 3 in Stealth
   264 | D:1      | Reached XP level 2. HP: 13/17 MP: 5/5
   519 | D:1      | Reached XP level 3. HP: 6/21 MP: 2/6
   530 | D:1      | Reached skill level 4 in Stealth
   731 | D:1      | Learned a level 2 spell: Passwall
   735 | D:1      | Learned a level 3 spell: Stone Arrow
  1254 | D:1      | HP: 1/21 [kobold/whip of electrocution (18)]
  1567 | D:2      | Reached XP level 4. HP: 21/27 MP: 7/7
  1783 | D:2      | Found an ancient bone altar of Kikubaaqudgha.
  1933 | D:2      | Found a blossoming altar of Fedhas.
  2371 | D:2      | Found an ornate altar of the Wu Jian Council.
  2575 | D:3      | Found an iron altar of Okawaru.
  2592 | D:3      | Reached skill level 1 in Short Blades
  2758 | D:3      | Reached XP level 5. HP: 23/31 MP: 8/8
  3293 | D:3      | Reached skill level 5 in Stealth
  3530 | D:4      | Noticed an ogre
  3553 | D:4      | Killed an ogre
  3553 | D:4      | Reached XP level 6. HP: 34/36 MP: 10/10
  3559 | D:4      | Learned a level 4 spell: Petrify
  3667 | D:4      | Noticed a phantom
  3689 | D:4      | Killed a phantom
  3689 | D:4      | Reached skill level 6 in Stealth
  3689 | D:4      | Reached XP level 7. HP: 32/41 MP: 11/11
  3827 | D:4      | Reached skill level 5 in Earth Magic
  4047 | D:4      | Found a hide-covered altar of Uskayaw.
  4095 | D:4      | Got a steaming mace
  4199 | D:4      | Found Peacimes's Assorted Antiques.
  4203 | D:4      | Bought a scroll of identify for 46 gold pieces
  4203 | D:4      | Bought a fizzy brown potion for 20 gold pieces
  4208 | D:4      | Identified the +4 mace "Qetaedom" {pain, *Slow rF+ Str+4 Int+6} (You found it on level 4 of the Dungeon)
  4495 | D:5      | Entered Level 5 of the Dungeon
  4962 | D:5      | Reached skill level 7 in Stealth
  4962 | D:5      | Reached XP level 8. HP: 30/46 MP: 12/12
  5156 | D:5      | Noticed Menkaure
  5162 | D:5      | Killed Menkaure
  5667 | D:6      | Got an ichor-stained quarterstaff {freeze}
  5675 | D:6      | Identified the +10 quarterstaff of Teos Ola {freeze, MR+} (You took it off an orc on level 6 of the Dungeon)
  5916 | D:6      | Reached skill level 8 in Stealth
  5931 | D:6      | Found a burning altar of Makhleb.
  5947 | D:6      | Reached skill level 5 in Transmutations
  6026 | D:6      | Mangled by a wyvern zombie

Vault maps used:
D:1:      dpeg_arrival_subterranean_lakeside_camping
D:2:      lemuel_doored_altar, lemuel_round_altar, lemuel_tele_altar
D:3:      minmay_diamond_boxcup, minmay_misc_feat_square,
          okawaru_metal_pillars_1_2
D:4:      eat_drink_and_be_merry_uskayaw, serial_shops, shop
D:5:      first_ration, uniq_menkaure
D:6:      lemuel_coloured_pillars_altar, makhleb_blood_cavern_becter

Skill      XL: |  1  2  3  4  5  6  7  8 |
---------------+-------------------------+-----
Stealth        | 3 4 5 6 7 8 |  8.2
Short Blades   | 1 2 3 4 |  4.7
Earth Magic    | 4 5 6 |  6.3
Transmutations | 2 3 4 5 |  5.0
Spellcasting   | 3 |  3.0
Dodging        | |  2.0

Action                   |  1- 3 |  4- 6 |  7- 9 || total
-------------------------+-------+-------+-------++-------
Melee: Unarmed           |    45 |       |       ||    45
       Constrict         |    18 |    32 |    22 ||    72
       Tentacles         |     8 |     8 |    14 ||    30
       Short sword       |    30 |       |       ||    30
       Whip              |     8 |   122 |     8 ||   138
       Dagger            |       |     9 |    42 ||    51
       Mace              |       |       |     9 ||     9
       Quarterstaff      |       |       |    16 ||    16
 Cast: Sandblast         |    11 |    23 |    50 ||    84
       Passwall          |       |     3 |     7 ||    10
       Stone Arrow       |       |       |    18 ||    18
       Petrify           |       |       |     2 ||     2
  Use: Scroll            |     5 |     5 |     3 ||    13
 Stab: Sleeping          |    12 |    26 |     8 ||    46
       Distracted        |       |     2 |       ||     2
       Petrified         |       |       |     7 ||     7
  Eat: Chunk             |     1 |     8 |     9 ||    18
Armor: Skin              |     5 |    17 |     8 ||    30
Dodge: Dodged            |    46 |    92 |    51 ||   189

Table legend:
 A = Spawn XP
 B = Non-spawn XP
 C = Spawn XP percentage of total XP
 D = Spawn monster count
 E = Non-spawn monster count
 F = Spawn count percentage of total count
 G = Total turns spent on level
                    A         B        C        D         E        F      G
               +---------+---------+-------+---------+---------+-------+---------
         Total |       0 |    2233 |   0.0 |       0 |     165 |   0.0 |  6026
               +---------+---------+-------+---------+---------+-------+---------
           D:1 |       0 |      62 |   0.0 |       0 |      35 |   0.0 |  1541
           D:2 |       0 |      71 |   0.0 |       0 |      28 |   0.0 |  1099
           D:3 |       0 |     175 |   0.0 |       0 |      38 |   0.0 |   852
           D:4 |       0 |     696 |   0.0 |       0 |      23 |   0.0 |  1303
           D:5 |       0 |     589 |   0.0 |       0 |      19 |   0.0 |   648
           D:6 |       0 |     640 |   0.0 |       0 |      22 |   0.0 |   583
               +---------+---------+-------+---------+---------+-------+---------

Table legend:
 A = Turns spent in this place as a percentage of turns spent in the entire game.
 B = Non-inter-level travel turns spent in this place as a percentage of non-inter-level travel turns spent in the entire game.
 C = Inter-level travel turns spent in this place as a percentage of turns spent in this place.
 D = Turns resting spent in this place as a percentage of non-inter-level travel turns spent in this place.
 E = Turns spent auto-exploring this place as a percentage of non-inter-level travel turns spent in this place.
 F = Non-inter-level travel turns spent in this place divided by the number of levels of this place that you've seen.
                   A       B       C       D       E      F
               +-------+-------+-------+-------+-------+----------------------
         Total | 100.0 | 100.0 |   4.2 |  33.3 |  44.8 | 962.0
       Dungeon | 100.0 | 100.0 |   4.2 |  33.3 |  44.8 | 962.0
               +-------+-------+-------+-------+-------+----------------------

Table legend:
 A = Kills in this place as a percentage of kills in entire the game.
 B = Kills by you in this place as a percentage of kills by you in the entire game.
 C = Kills by friends in this place as a percentage of kills by friends in the entire game.
 D = Other kills in this place as a percentage of other kills in the entire game.
 E = Experience gained in this place as a percentage of experience gained in the entire game.
 F = Experience gained in this place divided by the number of levels of this place that you have seen.
                   A       B       C       D       E      F
               +-------+-------+-------+-------+-------+----------------------
         Total | 100.0 | 100.0 |   N/A |   N/A | 100.0 | 372.2
       Dungeon | 100.0 | 100.0 |   N/A |   N/A | 100.0 | 372.2
               +-------+-------+-------+-------+-------+----------------------
